 Dungeon Crawl Stone Soup version 0.31-a0-1074-g0b22e4e0f1 (webtiles) character file.

Game seed: 14842473778963866508

141 Jeffwins the Shooter (level 5, -2/25 HPs)
             Began as a Vine Stalker Hexslinger on Dec 6, 2023.
             Slain by a kobold
             ... wielding a +0 short sword
              (3 damage)
             ... on level 2 of the Dungeon.
             The game lasted 00:02:30 (1790 turns).

Jeffwins the Shooter (Vine Stalker Hexslinger)      Turns: 1790, Time: 00:02:30

Health: -2/25      AC:  2    Str: 11    XL:     5   Next: 24%
Magic:  0/7        EV: 12    Int: 15    God:
Gold:   85         SH:  0    Dex: 16    Spells: 6/6 levels left

rFire   + . .        a - +1 sling
rCold   . . .        (no shield)
rNeg    . . .        c - +0 robe
rPois   .            (no helmet)
rElec   .            (no cloak)
rCorr   .            (no gloves)
SInv    .            (no boots)
Will    .....        (no amulet)
Stlth   +            F - ring of protection from fire
HPRegen 1.04/turn    (no ring)
MPRegen 0.10/turn

%: guardian spirit
@: no status effects
A: fangs 2, regeneration 1, magic shield, antimagic bite, no potion heal 2
a: no special abilities


You were on level 2 of the Dungeon.
You visited 1 branch of the dungeon, and saw 3 of its levels.

You collected 85 gold pieces.


Innate Abilities, Weirdness & Mutations

You have extremely sharp teeth.
Your natural rate of healing is unusually fast.
When hurt, damage is shared between your health and your magic reserves.
Your bite disrupts and absorbs the magic of your enemies.
Potions cannot restore your health.


   Skills:
 - Level 0.8 Fighting
 * Level 4.8 Ranged Weapons
 - Level 1.5 Dodging
 - Level 1.1 Spellcasting
 - Level 3.0 Hexes
 - Level 1.0 Fire Magic


You had 6 spell levels left.
You didn't know any spells.
Your spell library contained the following spells:

 Spells                   Type           Power      Damage    Failure   Level
 Jinxbite                 Hex            18%        N/A       11%         2
 Sigil of Binding         Hex            9%         N/A       22%         3
 Inner Flame              Hex/Fire       6%         N/A       32%         3
 Cause Fear               Hex            4%         N/A       56%         4
 Ozocubu's Armour         Ice            0%         N/A       58%         3
 Dimensional Bullseye     Hex/Tloc       2%         N/A       78%         4
 Metabolic Englaciation   Hex/Ice        2%         N/A       98%         5
 Simulacrum               Ice/Necr       0%         N/A       100%        6

Inventory:

Hand Weapons
 a - a +1 sling (weapon)
Armour
 c - a +0 robe (worn)
Jewellery
 F - a ring of protection from fire (left hand)
 L - a ring of flight
Scrolls
 b - a scroll of poison {!r}
 h - a scroll of identify {unknown}
 i - a scroll of noise {unknown}
 j - a scroll of teleportation {unknown}
 l - a scroll of torment {unknown}
 m - a scroll of blinking {unknown}
Potions
 d - 2 potions of lignification {unknown}
 e - 2 potions of brilliance {unknown}
 f - a potion of heal wounds {unknown}
 g - a potion of attraction {unknown}
 k - a potion of degeneration {unknown}

Dungeon Overview and Level Annotations

Branches:
Dungeon (3/15)

Altars:

##..#PPP.PPPPP.P.P.........######
#..#P.....P...P.P.##......# #
#..#PPPPP.P.PPP.P.##......# #
##..#P.........P.P.##......######
....#P.PPP.PPP.PPP.##............
...##P.P...P.....P.##............
.....P.PPPPPPPPPPP.##..........†.
###.......####..)..##............
...............)@K.#######.......
###.......########## ######..
###.......# #.. ......##### ###
......# ......# ......# ......#
......#


You could see a kobold.


Message History

* * * LOW HITPOINT WARNING * * *
The orc draws strength from your wounds!
You shoot a sling bullet. The sling bullet hits the orc.
The orc is severely wounded.
The kobold hits you but does no damage. The orc barely misses you.
Unknown command.
You shoot a sling bullet. The sling bullet hits the orc!
You kill the orc!
The kobold hits you with a +0 short sword.
* * * LOW HITPOINT WARNING * * *
Unknown command.
You shoot a sling bullet.
The sling bullet closely misses the kobold.
The kobold hits you but does no damage.
Unknown command.
You shoot a sling bullet.
The sling bullet hits the kobold but does no damage.
The kobold hits you with a +0 short sword.
* * * LOW HITPOINT WARNING * * *
Unknown command.
You shoot a sling bullet. The sling bullet hits the kobold.
The kobold is moderately wounded.
The kobold barely misses you.
Unknown command.
You shoot a sling bullet.
The sling bullet barely misses the kobold.
The kobold hits you with a +0 short sword.
* * * LOW HITPOINT WARNING * * *
The kobold hits you with a +0 short sword.
You die...

Skill      XL: |  1  2  3  4 |
---------------+-------------+-----
Ranged Weapons | 2 3 4 |  4.8
Fighting       | |  0.8
Dodging        | |  1.5
Spellcasting   | |  1.1
Hexes          | |  3.0
Fire Magic     | |  1.0

Action                     |  1- 3 |  4- 6 || total
---------------------------+-------+-------++-------
   Fire: Sling             |    51 |    88 ||   139
 Armour: Robe              |     9 |    33 ||    42
  Dodge: Dodged            |     4 |    30 ||    34

Levels and vault maps discovered:
D:1:      psy_arrival_fountain, layout_loops_corners,
          hellmonk_ecumenical_altar_inner_sanctum, minmay_domino_2
D:2:      layout_basic, skrybe_limestone_x, minmay_hedge_maze, uniq_natasha
D:3:      layout_basic

Notes
Turn   | Place    | Note
-------+----------+-------------------------------------------
     0 | D:1      | Jeffwins the Vine Stalker Hexslinger began the quest for
                  | the Orb.
     0 | D:1      | Reached XP level 1. HP: 9/9 MP: 3/3
   100 | D:1      | Reached skill level 2 in Ranged Weapons
   169 | D:1      | Found a faded altar of an unknown god.
   364 | D:1      | Reached XP level 2. HP: 14/14 MP: 4/4
   891 | D:2      | Noticed Natasha
   896 | D:2      | Killed Natasha
   897 | D:2      | Reached skill level 3 in Ranged Weapons
   897 | D:2      | Reached XP level 3. HP: 10/17 MP: 1/5
  1054 | D:2      | Reached XP level 4. HP: 18/21 MP: 6/6
  1132 | D:2      | Reached skill level 4 in Ranged Weapons
  1379 | D:2      | Noticed Natasha
  1386 | D:2      | Killed Natasha
  1745 | D:2      | Noticed Natasha
  1750 | D:2      | Killed Natasha
  1751 | D:2      | Reached XP level 5. HP: 23/25 MP: 5/7
  1784 | D:2      | HP: 2/25 [orc/+2 vampiric short sword (3)]
  1790 | D:2      | HP: 1/25 [kobold/+0 short sword (3)]
  1790 | D:2      | Slain by a kobold

Vanquished Creatures
  Natasha (thrice) (D:2)
  2 adders (D:2)
  A dart slug (D:1)
  3 orcs
  4 ball pythons
  2 bats
  2 endoplasms
  3 giant cockroaches (D:2)
  2 hobgoblins
  4 jackals (D:2)
  2 quokkas
  3 frilled lizards
  7 goblins
  5 kobolds
  2 rats (D:2)
45 creatures vanquished.

Table legend: (Time is in decaauts)
 A = Elapsed time spent in this place.
 B = Non-inter-level travel time spent in this place.
 C = Inter-level travel time spent in this place.
 D = Time resting spent in this place.
 E = Time spent auto-exploring this place.
 F = Levels seen in this place.
 G = Mean time per level.
                   A        B        C        D        E       F      G
               +--------+--------+--------+--------+--------+-----+--------+
         Total |   1819 |   1530 |    289 |     50 |   1211 |   3 |  606.3 |
       Dungeon |   1819 |   1530 |    289 |     50 |   1211 |   3 |  606.3 |
               +--------+--------+--------+--------+--------+-----+--------+

Top non-repeatable levels by time:
     D:2: 957 daAuts
     D:1: 853 daAuts
     D:3: 8 daAuts

Table legend:
 A = Non-vault XP
 B = Vault XP
 C = Vault XP percentage of total XP
 D = Non-vault monster count
 E = Vault monster count
 F = Vault count percentage of total count
                 A         B        C        D         E       F
            +---------+---------+-------+---------+---------+-------
      Total |     167 |      35 |  17.3 |      42 |       3 |   6.7
            +---------+---------+-------+---------+---------+-------
        D:1 |      23 |       2 |   8.0 |      12 |       2 |  14.3
        D:2 |     141 |      33 |  19.0 |      29 |       1 |   3.3
        D:3 |       3 |       0 |   0.0 |       1 |       0 |   0.0
            +---------+---------+-------+---------+---------+-------
